 Dungeon Crawl Stone Soup version 0.29-a0-923-g6e406bff71 (webtiles) character file.

Game seed: 721811935555021668

31 rabbitsville the Caller (level 3, -1/24 HPs)
             Began as a Merfolk Summoner on July 27, 2022.
             Slain by an orc wizard
             ... wielding a +0 dagger
              (3 damage)
             ... on level 3 of the Dungeon.
             The game lasted 00:04:00 (1328 turns).

rabbitsville the Caller (Merfolk Summoner)          Turns: 1328, Time: 00:04:01

Health: -1/24      AC:  2    Str:  8    XL:     3   Next: 22%
Magic:  6/6        EV: 13    Int: 14    God:
Gold:   92         SH:  0    Dex: 16    Spells: 5/6 levels left

rFire   . . .      SeeInvis .   e - +0 arbalest
rCold   . . .      Faith    .   (shield currently unavailable)
rNeg    . . .      Spirit   .   a - +0 robe
rPois   .          Reflect  .   (no helmet)
rElec   .          Harm     .   (no cloak)
rCorr   .          Rampage  .   (no gloves)
Will    .....                   (no boots)
Stlth   ++........              (no amulet)
HPRegen 0.08/turn               (no ring)
MPRegen 0.10/turn               (no ring)

@: no status effects
A: (nimble swimmer 2), mertail
a: no special abilities


You were on level 3 of the Dungeon.
You visited 1 branch of the dungeon, and saw 3 of its levels.

You collected 92 gold pieces.

Inventory:

Hand Weapons
 d - a +0 dagger
 e - a +0 arbalest (weapon)
Armour
 a - a +0 robe (worn)
Scrolls
 c - a scroll of amnesia {unknown}
 f - a scroll of enchant weapon {unknown}
 g - a scroll of magic mapping {unknown}
Potions
 b - 2 potions of magic


   Skills:
 + Level 0.9 Ranged Weapons
 - Level 2.6 Dodging
 - Level 2.1 Stealth
 - Level 2.3 Spellcasting
 + Level 4.5 Summonings


You had 5 spell levels left.
You knew the following spells:

 Your Spells              Type           Power      Damage    Failure   Level
a - Summon Small Mammal   Summ           56%        N/A       3%          1

Your spell library contained the following spells:

 Spells                   Type           Power      Damage    Failure   Level
 Call Imp                 Summ           14%        N/A       5%          2
 Call Canine Familiar     Summ           14%        N/A       11%         3
 Summon Guardian Golem    Hex/Summ       8%         N/A       26%         3
 Summon Lightning Spire   Summ/Air       8%         N/A       65%         4


Dungeon Overview and Level Annotations

Branches:
Dungeon (3/15)

Altars:

Annotations:
D:2 Sigmund


Innate Abilities, Weirdness & Mutations

((You are very nimble when in or above water. (Stealth+, EV+, Speed+++)))
Your lower body shifts to a powerful aquatic tail in water.


Message History

Aim: an orc, wielding a +0 short sword (52% to hit)
You shoot a bolt. The bolt closely misses the orc.
Fire: e) +0 arbalest
Press: ? - help, Q - select action, (/) - cycle Shift-Dir - straight line, f/p - orc
Aim: an orc, wielding a +0 short sword (52% to hit)
You shoot a bolt. The bolt barely misses the orc.
Something hits you.
* * * LOW HITPOINT WARNING * * *
Fire: e) +0 arbalest
Press: ? - help, Q - select action, (/) - cycle Shift-Dir - straight line, f/p - orc
Aim: an orc, wielding a +0 short sword (52% to hit)
You shoot a bolt. The bolt barely misses the orc.
Something hits you.
* * * LOW HITPOINT WARNING * * *
Something hits you.
* * * LOW HITPOINT WARNING * * *
Fire: e) +0 arbalest
Press: ? - help, Q - select action, (/) - cycle Shift-Dir - straight line, f/p - orc
Aim: an orc, wielding a +0 short sword (52% to hit)
You shoot a bolt. The bolt hits the orc!
You kill the orc!
Something hits you but does no damage.
You hear some strange, mumbled words.
Something tries to affect you, but you resist.
Fire: e) +0 arbalest
Press: ? - help, Q - select action, (/) - cycle Shift-Dir - straight line, f - you You shoot a bolt.
Something hits you.
* * * LOW HITPOINT WARNING * * *
Something hits you but does no damage.
Fire: e) +0 arbalest
Press: ? - help, Q - select action, (/) - cycle Shift-Dir - straight line, f - you You shoot a bolt.
You hear some strange, mumbled words.
Something tries to affect you, but you resist.
Fire: e) +0 arbalest
Press: ? - help, Q - select action, (/) - cycle Shift-Dir - straight line, f - you You shoot a bolt.
Something hits you.
You die...

#.# ..# #.# #.# #.#
#.# #.# #@######
#)##...# #)##...#
.. #.##...# ##
....####.##...#...#
....'...........).+
....###.###...#o.)#
#. #.# #...# ....
##.######.# #####
.o


There were no monsters in sight!

Vanquished Creatures
  4 orcs (D:3)
  A giant cockroach (D:3)
  4 goblins
  2 hobgoblins
  A kobold (D:1)
  A quokka (D:1)
  3 ball pythons
  A frilled lizard (D:1)
  2 rats (D:1)
19 creatures vanquished.

Vanquished Creatures (collateral kills)
  A dart slug (D:1)
  2 hobgoblins (D:1)
  A kobold (D:1)
4 creatures vanquished.

Grand Total: 23 creatures vanquished

Notes
Turn   | Place    | Note
-------+----------+-------------------------------------------
     0 | D:1      | rabbitsville the Merfolk Summoner began the quest for the
                  | Orb.
     0 | D:1      | Reached XP level 1. HP: 13/13 MP: 3/3
   280 | D:1      | Reached XP level 2. HP: 19/19 MP: 5/5
   936 | D:1      | Found a faded altar of an unknown god.
   964 | D:2      | Noticed Sigmund
  1304 | D:3      | Reached XP level 3. HP: 24/24 MP: 6/6
  1328 | D:3      | Slain by an orc wizard

Illustrated notes

Levels and vault maps discovered:
D:1:      eino_arrival_cavern_e, layout_loops_ring,
          chequers_ecumenical_altar_grove, minmay_misc_feat_five
D:2:      layout_loops_ring, uniq_sigmund, uniq_robin
D:3:      layout_basic, nemelex_dance_club_becter

Action                   || total
-------------------------++-------
 Fire: Arbalest          ||    47
 Cast: Summon Small Mamm ||     8
Armor: Robe              ||     3
Dodge: Dodged            ||    14

Table legend: (Time is in decaauts)
 A = Elapsed time spent in this place.
 B = Non-inter-level travel time spent in this place.
 C = Inter-level travel time spent in this place.
 D = Time resting spent in this place.
 E = Time spent auto-exploring this place.
 F = Levels seen in this place.
 G = Mean time per level.
                   A        B        C        D        E       F      G
               +--------+--------+--------+--------+--------+-----+--------+
         Total |   1367 |   1304 |     63 |      3 |   1111 |   3 |  455.7 |
       Dungeon |   1367 |   1304 |     63 |      3 |   1111 |   3 |  455.7 |
               +--------+--------+--------+--------+--------+-----+--------+

Top non-repeatable levels by time:
     D:1: 1022 daAuts
     D:2: 172 daAuts
     D:3: 171 daAuts
